 Dungeon Crawl Stone Soup version 0.30.0-5-g1a98f26d00 (webtiles) character file.

Game seed: 2476973444157066127

13092 PoweredByGinger the Executioner (level 11, -9/84 HPs)
             Began as a Minotaur Berserker on May 9, 2023.
             Was an Elder of Trog.
             Mangled by a water elemental (16 damage)
             ... on level 11 of the Dungeon.
             The game lasted 00:17:11 (11352 turns).

PoweredByGinger the Executioner (MiBe)             Turns: 11352, Time: 00:17:11

Health: -9/84      AC: 13    Str: 30    XL:     11   Next: 71%
Magic:  11/11      EV:  8    Int:  3    God:    Trog [****..]
Gold:   204        SH:  0    Dex:  9    Spells: 10/10 levels left

rFire   x . .        p - +7 battleaxe of the Tomato {freeze, rPois rF- rN+++ SInv}
rCold   . . .        (shield currently unavailable)
rNeg    + + +        a - +0 plate armour
rPois   +            (helmet restricted)
rElec   .            N - scarf {harm}
rCorr   +            (no gloves)
SInv    +            (no boots)
Will    .....        k - amulet of faith Stlth
                     C - ring of resist corrosion
HPRegen 0.34/turn    Q - ring of flight
MPRegen 0.12/turn

%: harm (+30% outgoing, +20% incoming), faith
@: engulfed (cannot breathe), flying
A: horns 2, retaliatory headbutt, iridescent scales 1, high MP 1, strong 1
a: Renounce Religion, Berserk, Trog's Hand, Brothers in Arms


You were on level 11 of the Dungeon.
You worshipped Trog.
Trog was greatly pleased with you.
You visited 3 branches of the dungeon, and saw 14 of its levels.

You collected 885 gold pieces.
You spent 681 gold pieces at shops.

Inventory:

Hand Weapons
 b - a +1 spear of flaming
 p - the +7 battleaxe of the Tomato (weapon) {freeze, rPois rF- rN+++ SInv}
   (You found it on level 3 of the Dungeon)

   rF:        It makes you vulnerable to fire.
   rPois:     It protects you from poison.
   rN:        It renders you almost immune to negative energy.
   SInv:      It lets you see invisible.
 K - a +0 broad axe
Missiles
 h - 10 boomerangs (quivered)
 x - 3 throwing nets
 A - 17 poisoned darts
Armour
 a - a +0 plate armour (worn)
 N - a scarf of harm (worn)
Jewellery
 k - an amulet of faith (around neck)
 C - a ring of resist corrosion (left hand)
 Q - a ring of flight (right hand)
Wands
 G - a wand of mindburst (7)
 H - a wand of iceblast (14)
 M - a wand of charming (1)
 O - a wand of polymorph (3)
Scrolls
 e - 2 scrolls of magic mapping
 f - 11 scrolls of teleportation
 i - 2 scrolls of poison
 l - a scroll of fear {unknown}
 q - 2 scrolls of acquirement {unknown}
 r - 2 scrolls of enchant armour
 t - a scroll of torment {unknown}
 v - 2 scrolls of vulnerability {unknown}
 y - 4 scrolls of blinking
 B - 2 scrolls of butterflies
 E - 2 scrolls of fog {unknown}
 F - a scroll of noise {unknown}
 J - a scroll of brand weapon {unknown}
 L - 3 scrolls of immolation
 P - a scroll of identify
Potions
 c - 2 potions of attraction
 d - 2 potions of lignification
 g - 3 potions of mutation
 j - 4 potions of might
 m - 2 potions of invisibility
 n - 8 potions of curing
 o - 3 potions of flight
 s - 2 potions of haste
 u - 3 potions of cancellation
 w - 3 potions of ambrosia
 z - 2 potions of brilliance
 D - a potion of magic
 I - a potion of heal wounds {unknown}


   Skills:
 - Level 4.1 Fighting
 + Level 21.6 Axes
 - Level 2.4 Armour
 - Level 2.1 Dodging


You had 10 spell levels left.
You didn't know any spells.
Your spell library was empty.

Dungeon Overview and Level Annotations

Branches:
Dungeon (11/15)            Temple (0/1) D:4            Lair (2/5) D:9
    Orc (1/2) D:9
  Swamp: Lair:2-3    Shoals: Lair:2-3     Snake: Lair:2-3    Spider: Lair:2-3

Altars:
Ashenzari
Cheibriados
Dithmenos
Elyvilon
Fedhas
Kikubaaqudgha
Makhleb
Nemelex Xobeh
Okawaru
Qazlal
Sif Muna
Trog
Uskayaw

Shops:
D:5 ([?=[   D:9 (

Annotations:
D:8 exclusion: door


Innate Abilities, Weirdness & Mutations

You have a pair of horns on your head.
You reflexively headbutt those who attack you in melee.
You are partially covered in iridescent scales. (AC +2)
You have an increased reservoir of magic. (+10% MP)
Your muscles are strong. (Str +4, Int/Dex -1)


Message History

An electric eel and a water elemental come into view.
The electric eel shoots out a bolt of lightning at you!
The bolt of electricity hits you!
You closely miss the electric eel. Your headbutt misses the electric eel.
The electric eel shoots out a bolt of lightning at you!
The bolt of electricity hits you! The water elemental hits you!
The water elemental engulfs you in water!
You cannot call out to Trog while unable to breathe.
You miss the electric eel. Your headbutt misses the electric eel.
You slash the water elemental! You freeze the water elemental!
Your lungs strain for air!
You slice the electric eel!! You freeze the electric eel!
You kill the electric eel!
Trog accepts your kill.
You hear a splash.
You slash the water elemental! You freeze the water elemental.
Your lungs strain for air!
The water elemental hits you.
You closely miss the water elemental.
Your headbutt misses the water elemental.
The water elemental is almost destroyed.
Your lungs strain for air!
The water elemental hits you.
* * * LOW HITPOINT WARNING * * *
You hit the water elemental but do no damage.
The water elemental is almost destroyed.
* * * LOW HITPOINT WARNING * * *
Your lungs strain for air!
You barely miss the water elemental.
The water elemental is almost destroyed.
* * * LOW HITPOINT WARNING * * *
Your lungs strain for air!
The water elemental hits you.
* * * LOW HITPOINT WARNING * * *
You barely miss the water elemental. You headbutt the water elemental.
The water elemental is almost destroyed.
* * * LOW HITPOINT WARNING * * *
Your lungs strain for air!
The water elemental hits you!
You die...

#.........#≈≈≈≈≈≈≈≈≈..###
#..:...^..≈≈#######≈≈...###
#........≈≈##≈≈≈≈≈##≈≈#....
#.......≈≈##≈≈###≈≈##≈≈.###
########≈##≈≈## ##≈≈##≈.#
#≈#≈≈## ##≈≈≈≈.# #≈#≈##
####≈.# ##≈#≈# #≈## #.≈#@#
#≈# #.≈#E≈# #≈# #.≈##≈≈#
##≈## #.≈≈##≈≈# ##≈≈.###
#..≈≈##≈≈≈ ##≈≈..'.#
#..[≈≈#######≈≈...#.#
#.#..≈≈≈≈≈≈≈≈≈....#.#
#.########........#.. #.#
#........###


You could see a water elemental.

Vanquished Creatures
  A boulder beetle (D:11)
  A two-headed ogre (D:11)
  A catoblepas (Lair:1)
  A cyclops (D:8)
  3 elephants (Lair:1)
  A cane toad (D:9)
  2 kobold demonologists
  A komodo dragon (D:11)
  A shadow (D:10)
  A water elemental (D:11)
  4 wyverns
  15 yaks
  5 vampire mosquitoes (D:11)
  A steam dragon (D:8)
  7 orc warriors
  2 water moccasins
  A sky beast (D:6)
  2 black bears
  An ice beast (D:6)
  6 centaurs
  3 ogres
  3 kobold brigands
  3 bullfrogs
  3 gnoll sergeants
  5 scorpions
  4 wights (D:9)
  3 killer bees (D:9)
  5 howler monkeys
  3 electric eels
  5 orc priests
  2 jellies
  A sleepcap (D:6)
  2 gnoll boudas
  5 hounds (D:5)
  2 iguanas
  7 orc wizards (D:9)
  6 hell rats (Lair:1)
  Robin (D:2)
  12 adders
  30 gnolls
  A shadow imp (D:8)
  2 ufetubi
  A worm (D:2)
  3 dart slugs
  38 orcs
  7 endoplasms
  7 giant cockroaches
  14 goblins
  6 hobgoblins
  4 jackals (D:1)
  6 quokkas
  3 ball pythons
  5 bats
  2 frilled lizards (D:2)
  14 kobolds
  5 rats
280 creatures vanquished.

Vanquished Creatures (collateral kills)
  A komodo dragon (Lair:1)
1 creature vanquished.

Grand Total: 281 creatures vanquished

Notes
Turn   | Place    | Note
-------+----------+-------------------------------------------
     0 | D:1      | PoweredByGinger the Minotaur Berserker began the quest for
                  | the Orb.
     0 | D:1      | Reached XP level 1. HP: 19/19 MP: 0/0
   110 | D:1      | Reached skill level 4 in Axes
   220 | D:1      | Reached XP level 2. HP: 26/26 MP: 1/1
   592 | D:1      | You fall into a shaft and drop 1 floor!
   595 | D:2      | Found the +4 robe of Augmentation {Str+4 Int+4 Dex+4}
   612 | D:2      | Reached skill level 5 in Axes
   612 | D:2      | Reached XP level 3. HP: 28/31 MP: 2/2
   648 | D:2      | Reached ** piety under Trog
   776 | D:2      | Noticed Robin
   779 | D:2      | Reached skill level 6 in Axes
   779 | D:2      | Reached XP level 4. HP: 38/39 MP: 3/3
   790 | D:2      | Killed Robin
  1528 | D:3      | Reached *** piety under Trog
  1598 | D:3      | Identified the +7 battleaxe of the Tomato {freeze, rPois
                  | rF- rN+++ SInv}
  1828 | D:3      | Found a blossoming altar of Fedhas.
  2087 | D:3      | Reached XP level 5. HP: 45/45 MP: 4/4
  2101 | D:3      | Reached skill level 7 in Axes
  2487 | D:4      | Found a staircase to the Ecumenical Temple.
  2952 | D:4      | Reached skill level 8 in Axes
  2952 | D:4      | Reached XP level 6. HP: 51/51 MP: 5/5
  2974 | D:4      | Reached **** piety under Trog
  3102 | D:4      | Found a shadowy altar of Dithmenos.
  3186 | D:5      | Entered Level 5 of the Dungeon
  3187 | D:5      | Found Oteiskog's Magic Scroll Emporium.
  3202 | D:5      | Reached skill level 9 in Axes
  3231 | D:5      | Reached XP level 7. HP: 57/57 MP: 6/6
  3238 | D:5      | Bought 3 scrolls of blinking for 292 gold pieces
  3264 | D:5      | Reached skill level 10 in Axes
  3381 | D:5      | Found Gaofuhed's Weapon Shoppe.
  3432 | D:5      | Found Nuxabi Goave's Armour Shoppe.
  3438 | D:5      | Found Baydikin's Jewellery Boutique.
  3462 | D:5      | Reached skill level 11 in Axes
  3462 | D:5      | Found Oledaetz's Antique Armour Shop.
  3569 | D:5      | Reached XP level 8. HP: 58/64 MP: 7/7
  3941 | D:5      | Found an ancient bone altar of Kikubaaqudgha.
  3981 | D:6      | Reached skill level 12 in Axes
  4060 | D:5      | Bought a scroll of identify for 26 gold pieces
  4065 | D:5      | Gained mutation: You are partially covered in iridescent
                  | scales. (AC +2) [potion of mutation]
  4065 | D:5      | Gained mutation: Your muscles are strong. (Str +4, Int/Dex
                  | -1) [potion of mutation]
  4065 | D:5      | Gained mutation: You have an increased reservoir of magic.
                  | (+10% MP) [potion of mutation]
  4138 | D:6      | Found a hide-covered altar of Uskayaw.
  4312 | D:6      | Reached skill level 13 in Axes
  4734 | D:7      | Found a sparkling altar of Nemelex Xobeh.
  5087 | D:7      | Reached skill level 14 in Axes
  5117 | D:7      | Reached XP level 9. HP: 70/70 MP: 8/8
  5139 | D:7      | Found a white marble altar of Elyvilon.
  5249 | D:7      | Noticed a kobold demonologist
  5259 | D:7      | Killed a kobold demonologist
  5265 | D:7      | Reached skill level 15 in Axes
  5415 | D:7      | Found a burning altar of Makhleb.
  5617 | D:8      | Found a stormy altar of Qazlal.
  5791 | D:8      | Found a shimmering blue altar of Sif Muna.
  5965 | D:8      | Found a snail-covered altar of Cheibriados.
  6063 | D:8      | Found an iron altar of Okawaru.
  6106 | D:8      | Noticed a cyclops
  6112 | D:8      | Reached skill level 16 in Axes
  6114 | D:8      | Killed a cyclops
  6451 | D:9      | Reached ***** piety under Trog
  6617 | D:9      | Reached skill level 17 in Axes
  6617 | D:9      | Reached XP level 10. HP: 77/77 MP: 10/10
  6622 | D:9      | Received a gift from Trog
  6919 | D:9      | Found a staircase to the Lair.
  6954 | D:9      | Found Haecugh's Weapon Shop.
  7344 | D:9      | Found a staircase to the Orcish Mines.
  7549 | D:9      | Found a broken altar of Ashenzari.
  7605 | D:10     | Entered Level 10 of the Dungeon
  7755 | D:10     | Found a bloodstained altar of Trog.
  7860 | D:10     | Reached skill level 18 in Axes
  8321 | D:5      | Bought a scroll of identify for 26 gold pieces
  8321 | D:5      | Bought a scroll of identify for 26 gold pieces
  8321 | D:5      | Bought a scroll of teleportation for 39 gold pieces
  8321 | D:5      | Bought a scroll of magic mapping for 97 gold pieces
  8432 | Lair:1   | Entered Level 1 of the Lair of Beasts
  8703 | Lair:1   | Reached skill level 19 in Axes
  8705 | Lair:1   | Received a gift from Trog
  8948 | Lair:1   | Noticed an elephant
  8948 | Lair:1   | Noticed an elephant
  9011 | Lair:1   | Killed an elephant
  9012 | Lair:1   | Killed an elephant
  9015 | Lair:1   | Noticed an elephant
  9079 | Lair:1   | Killed an elephant
  9193 | Lair:1   | Reached XP level 11. HP: 82/82 MP: 11/11
  9290 | Lair:1   | Noticed a catoblepas
  9307 | Lair:1   | Killed a catoblepas
  9308 | Lair:1   | Reached skill level 20 in Axes
  9914 | D:11     | Noticed a boulder beetle
  9929 | D:11     | Killed a boulder beetle
  9930 | D:11     | Reached skill level 21 in Axes
 10578 | D:11     | Noticed a two-headed ogre
 10583 | D:11     | Killed a two-headed ogre
 11026 | D:5      | Bought a ring of flight for 175 gold pieces
 11158 | Orc:1    | Entered Level 1 of the Orcish Mines
 11352 | D:11     | Mangled by a water elemental

Illustrated notes

Levels and vault maps discovered:
D:1:      dpeg_arrival_brainrot, layout_basic, hex_intersection,
          minmay_heptomino_w4
D:2:      layout_rooms, minmay_misc_feat_columns, uniq_robin
D:3:      layout_loops_corners, fedhas_altar_2, minmay_pentangle
D:4:      layout_loops_cross, grunt_dithmenos_smoke_and_mirrors,
          minmay_temple_entry_offerings
D:5:      layout_basic, mainiacjoe_overflow_alcove_1, serial_shops, shop,
          nicolae_shop_window_shopping, nicolae_shop_bloodbath_and_beyond,
          kennysheep_little_box, shop
D:6:      layout_rooms, mainiacjoe_overflow_concentric_impassable
D:7:      layout_gridville, mainiacjoe_overflow_tiny_flanked,
          nicolae_elyvilon_temple_path, nemelex_spade_bored_becter
D:8:      layout_loops_cross, led_sif_book, cheibriados_altar_1,
          general_overflow_altar, mainiacjoe_overflow_cross_hatched,
          minmay_manual_moon
D:9:      layout_basic, mainiacjoe_overflow_alcove_4, lair_entry_dummy,
          david_orc_4, serial_shops, nicolae_shop_just_a_little_nook
D:10:     layout_roguey, lemuel_doored_altar
D:11:     layout_roguey, water_maze_lemuel
Lair:1:   layout_hall_layers, lemuel_old_faithful, serial_bayou_shore_b
Lair:2:   layout_regular_city, shoals_dummy_entry, serial_bayou_shore_a,
          lemuel_fruit_tree, infiniplex_staircase_pool
Orc:1:    layout_caves, serial_shops, shop

Skill      XL: |  1  2  3  4  5  6  7  8  9 10 11 |
---------------+----------------------------------+-----
Axes           | 4 5 6 8 9 11 14 17 19 21 | 21.6
Fighting       | 4 |  4.1
Armour         | |  2.4
Dodging        | |  2.1

Action                     |  1- 3 |  4- 6 |  7- 9 | 10-12 || total
---------------------------+-------+-------+-------+-------++-------
  Melee: Hand axe          |    74 |    35 |       |       ||   109
         Headbutt          |    15 |     8 |    14 |    27 ||    64
         Punch             |     1 |       |       |       ||     1
         Battleaxe         |       |    65 |   151 |   178 ||   394
 Invoke: Berserk           |     1 |     3 |     4 |     9 ||    17
         Trog's Hand       |       |       |       |     1 ||     1
         Brothers in Arms  |       |       |       |     1 ||     1
    Use: Scroll            |       |       |     9 |     8 ||    17
         Potion            |       |       |     1 |       ||     1
 Armour: Ring mail         |    32 |    28 |    28 |       ||    88
         Plate armour      |       |       |    28 |    68 ||    96
  Dodge: Dodged            |    48 |    36 |    65 |    53 ||   202
